AoeStats
← mrjcl199

Pilgrims

509229971Analyzed
2v2 RM · 7d ago on Sep 26, 2026· 28m 49s· 4 players
Game mode
Random Map
Map size
Medium (4 player)
Population
200
Speed
Normal
Resources
Standard
Victory
Conquest
Starting age
Dark Age
Ending age
Imperial Age
RankedLock teamsTeams togetherTeam positionsShared explorationLock speedFull tech treeHidden civsTurbo modeCheats
Victory
Defeat
🇨🇴 Berbers · Colombia
1182
+16
🇨🇴 Goths · Colombia
1181
+16
🇳🇿 Turks · New Zealand
1236
-17
🇺🇸 Persians · United States
1146
-15
(COLG) DON CHIMBO
4:41 Loom
5:48 Loom
11:54 Feudal Age
13:55 Wheelbarrow
23:01 Castle Age
21:26 Gold Mining
21:26 Stone Mining
24:06 Scale Barding Armor
24:11 Forging
24:16 Bloodlines
24:06 Husbandry
26:27 Double-Bit Axe
27:27 Bow Saw
(COLG) LORD PETROVSKY
3:04 Loom
13:22 Feudal Age
14:07 Double-Bit Axe
15:09 Town Watch
19:09 Castle Age
16:43 Man-at-Arms
17:29 Scale Mail Armor
20:49 Squires
25:36 Ballistics
27:22 Fletching
mrjcl199
3:36 Loom
9:55 Feudal Age
16:59 Castle Age
19:20 Horse Collar
25:59 Double-Bit Axe
26:45 Heavy Plow
27:47 Wheelbarrow
27:25 Fishing Lines
StickyBladez
10:01 Feudal Age
9:37 Loom
14:08 Castle Age
12:53 Double-Bit Axe
15:06 Medium Warships
16:59 Fletching
17:44 Bodkin Arrow
18:59 Wheelbarrow
19:19 Fishing Lines
21:02 Gillnets
22:30 Town Watch
26:53 Horse Collar
Connection lost

Rejoining the realm…

Still unreachable

The connection could not be restored.

Session expired

The server has moved on; the page needs a fresh start.